 Dungeon Crawl Stone Soup version 0.29-a0-317-gd16b76e6b1 (webtiles) character file.

Game seed: 12619558990130908814

2058 Ijustatesigmund the Reanimator (level 9, -4/43 (49) HPs)
             Began as a Deep Elf Necromancer on Apr 1, 2022.
             Was an Initiate of Cheibriados.
             Slain by a wight
             ... wielding a +3 battleaxe
              (8 damage)
             ... on level 6 of the Dungeon.
             The game lasted 00:19:46 (9893 turns).

Ijustatesigmund the Reanimator (DENe)               Turns: 9893, Time: 00:19:46

HP:   -4/43 (49)    AC: 16    Str: 12    XL:     9   Next: 5%
MP:   19/19         EV: 12    Int: 26    God:    Cheibriados [......]
Gold: 162           SH:  0    Dex: 16    Spells: 6/19 levels left

rFire   . . .      SeeInvis +   g - +5 flail (protect)
rCold   . . .      Faith    .   (no shield)
rNeg    . . .      Spirit   .   a - +3 leather armour {Will+}
rPois   .          Reflect  .   o - +2 helmet {SInv}
rElec   .          Harm     .   (no cloak)
rCorr   .          Rampage  .   (no gloves)
Will    ++...                   (no boots)
Stlth   ++........              (no amulet)
HPRegen 0.14/turn               c - ring of willpower
MPRegen 0.16/turn               t - +6 ring of strength

@: about to teleport, under a protective aura, flying, heavily drained, very
slow
A: no striking features
a: Renounce Religion


You were on level 6 of the Dungeon.
You worshipped Cheibriados.
Cheibriados was noncommittal.
You visited 2 branches of the dungeon, and saw 7 of its levels.

You collected 360 gold pieces.
You spent 198 gold pieces at shops.

Inventory:

Hand Weapons
 d - a +1 short sword of venom
 g - a +5 flail of protection (weapon)
Missiles
 b - 4 throwing nets
Armour
 a - a +3 leather armour of willpower (worn)
 o - a +2 helmet of see invisible (worn)
Jewellery
 c - a ring of willpower (left hand)
 t - a +6 ring of strength (right hand)
Wands
 e - a wand of polymorph (1)
Scrolls
 j - 2 scrolls of blinking
 l - a scroll of amnesia
 r - a scroll of enchant armour
 s - a scroll of teleportation
Potions
 f - a potion of brilliance
 h - a potion of berserk rage
 i - a potion of attraction
 k - a potion of mutation {unknown}
 m - a potion of flight
 n - 2 potions of lignification
 p - a potion of curing
 u - a potion of invisibility {unknown}


   Skills:
 + Level 2.9 Fighting
 - Level 4.1 Armour
 - Level 2.4 Dodging
 - Level 2.4 Stealth
 + Level 5.9 Spellcasting
 + Level 10.0 Necromancy
 + Level 3.6 Invocations
 - Level 4.2 Evocations


You had 6 spell levels left.
You knew the following spells:

 Your Spells              Type           Power      Damage    Failure   Level
a - Pain                  Necr           100%       1d9       1%          1
b - Vampiric Draining     Necr           56%        2d10      1%          3
c - Animate Dead          Necr           28%        N/A       1%          4
d - Agony                 Necr           56%        N/A       4%          5

Your spell library contained the following spells:

 Spells                   Type           Power      Damage    Failure   Level
 Animate Skeleton         Necr           100%       N/A       1%          1
 Magic Dart               Conj           28%        1d4       9%          1
 Call Imp                 Summ           7%         N/A       14%         2
 Mephitic Cloud           Conj/Pois/Air  7%         N/A       26%         3


Dungeon Overview and Level Annotations

Branches:
Dungeon (6/15)             Temple (1/1) D:5

Altars:
Ashenzari
Cheibriados
Dithmenos
Elyvilon
Fedhas
Gozag
Hepliaklqana
Kikubaaqudgha
Makhleb
Nemelex Xobeh
Okawaru
Qazlal
Ru
Sif Muna
Trog
Uskayaw
Vehumet
Wu Jian
Xom
Yredelemnul
Zin
The Shining One
Lugonu

Shops:
D:3 [

Portals:
Abyss: D:3

Annotations:
D:3 2 runed translucent doors
D:4 3 runed translucent doors, Tutankhamun's ghost, amateur DsGl
D:5 1 runed translucent door


Message History

You closely miss the wight. The wight hits you with a +3 battleaxe.
You feel drained.
You hit the wight but do no damage.
Your weapon exudes an aura of protection.
The wight hits you with a +3 battleaxe.
You feel drained. The wight closely misses you. The wight barely misses you.
The wight misses you.
A wight comes into view. It is wielding a +0 war axe.
You hit the wight.
The wight is lightly damaged.
The wight barely misses you. x2
You thump the wight!
The wight is severely damaged.
The wight closely misses you.
A wight comes into view. It is wielding a +0 falchion.
The wight hits you from afar with a +2 trident.
You hit the wight but do no damage.
The wight is severely damaged.
The wight hits you with a +3 battleaxe.
You feel drained.
A wight comes into view. It is wielding a +3 great sword.
The wight hits you but does no damage. The wight misses you.
The wight hits you but does no damage.
You are too injured to fight recklessly!
You hit the wight.
The wight is severely damaged.
The wight barely misses you. The wight closely misses you.
As you read the scroll of teleportation, it crumbles to dust.
You feel strangely unstable. The wight closely misses you. x2
You hit the wight.
The wight is almost destroyed.
The wight hits you with a +3 battleaxe!
* * * LOW HITPOINT WARNING * * *
You feel drained.
* * * LOW HITPOINT WARNING * * *
The wight hits you but does no damage. The wight misses you.
The wight closely misses you.
It was a potion of flight.
You feel very buoyant.
You fly up into the air.
The wight hits you with a +3 battleaxe!
You die...

### #...###
..###.....# #....
...##>...## ....
#.......## ...
##.....## #..
##.....##### ..
##.##.....##### .#
##.............####.#
#..........###.@zzzz#
##.........##
#####z.# #.)........#
##.# ..........## #.#
.........## ..#
........## #...
......### ....
##..### ..z.. ####
....


You could see 5 wights.

Vanquished Creatures
  Grinder (D:5)
  Eustachio (D:4)
  Edmund (D:3)
  A water moccasin (D:6)
  A black bear (D:5)
  An ogre (D:6)
  A centaur (D:6)
  2 bullfrogs
  3 necrophages
  2 scorpions (D:6)
  The ghost of iamserjio the Insei, a weakling OpTm (D:5)
  A jelly (D:5)
  2 hounds
  An orc priest (D:5)
  A gnoll shaman (D:5)
  4 iguanas
  Ijyb (D:4)
  Natasha (thrice) (D:4)
  4 orc wizards
  6 adders
  7 gnolls
  An ufetubus (D:6)
  5 worms
  2 dart slugs
  17 orcs
  7 bats
  An endoplasm (D:1)
  4 giant cockroaches
  8 goblins
  2 hobgoblins
  2 quokkas (D:5)
  4 ball pythons
  A frilled lizard (D:1)
  6 kobolds
  A rat (D:5)
106 creatures vanquished.

Vanquished Creatures (others)
  Sigmund (D:4)
  A plant (D:4)
2 creatures vanquished.

Grand Total: 108 creatures vanquished

Notes
Turn   | Place    | Note
-------+----------+-------------------------------------------
     0 | D:1      | Ijustatesigmund the Deep Elf Necromancer began the quest
                  | for the Orb.
     0 | D:1      | Reached XP level 1. HP: 10/10 MP: 6/6
    42 | D:1      | Reached skill level 5 in Necromancy
   648 | D:1      | Reached XP level 2. HP: 9/15 MP: 1/8
  2001 | D:2      | Found a white marble altar of Elyvilon.
  2007 | D:2      | Reached skill level 6 in Necromancy
  2007 | D:2      | Reached XP level 3. HP: 17/19 MP: 5/9
  2139 | D:2      | Learned a level 3 spell: Vampiric Draining
  2314 | D:2      | Found a faded altar of an unknown god.
  3134 | D:3      | Found Ehiaxunk's Armour Shop.
  3240 | D:3      | Reached skill level 1 in Armour
  3240 | D:3      | Reached XP level 4. HP: 21/24 MP: 6/10
  3560 | D:3      | Found a large runed translucent door.
  3561 | D:3      | Found a large runed translucent door.
  3705 | D:3      | Found a corrupted altar of Lugonu.
  3711 | D:3      | Found a white marble altar of Elyvilon.
  4033 | D:3      | Found a one-way gate to the infinite horrors of the Abyss.
  4203 | D:4      | Noticed Sigmund
  4259 | D:4      | Noticed Edmund
  4264 | D:4      | Noticed Eustachio
  4423 | D:3      | Killed Edmund
  4424 | D:3      | Reached skill level 7 in Necromancy
  4424 | D:3      | Reached XP level 5. HP: 7/28 MP: 6/11
  4685 | D:4      | Killed Eustachio
  4686 | D:4      | Reached skill level 8 in Necromancy
  4686 | D:4      | Reached XP level 6. HP: 26/32 MP: 9/12
  4950 | D:5      | Entered Level 5 of the Dungeon
  5068 | D:5      | Noticed Grinder
  5357 | D:4      | Noticed Natasha
  5363 | D:4      | Killed Natasha
  5433 | D:4      | Found a runed translucent gate.
  5433 | D:4      | Found a runed translucent gate.
  5438 | D:4      | Noticed Tutankhamun's ghost (amateur DsGl)
  5544 | D:4      | Noticed Natasha
  5552 | D:4      | Killed Natasha
  5777 | D:4      | Noticed Natasha
  5780 | D:4      | Killed Natasha
  5781 | D:4      | Reached XP level 7. HP: 34/36 MP: 9/13
  5837 | D:4      | Noticed Ijyb
  5874 | D:4      | Killed Sigmund
  6131 | D:4      | Killed Ijyb
  6291 | D:4      | Found a runed translucent gate.
  6953 | D:5      | Reached skill level 9 in Necromancy
  6960 | D:5      | Learned a level 4 spell: Animate Dead
  7064 | D:3      | Bought a +1 helmet of see invisible for 198 gold pieces
  7112 | D:5      | Reached skill level 1 in Fighting
  7208 | D:5      | Killed Grinder
  7209 | D:5      | Reached XP level 8. HP: 39/44 MP: 14/16
  7523 | D:5      | Found a runed translucent door.
  7562 | D:5      | Noticed iamserjio's ghost (weakling OpTm)
  7583 | D:5      | Killed iamserjio's ghost
  7607 | D:5      | Found a runed translucent door.
  7940 | D:5      | Found a staircase to the Ecumenical Temple.
  8020 | Temple   | Entered the Ecumenical Temple
  8270 | Temple   | Became a worshipper of Cheibriados the Contemplative
  8306 | D:6      | Reached skill level 1 in Invocations
  8312 | D:6      | Learned a level 5 spell: Agony
  9025 | D:6      | Reached skill level 5 in Spellcasting
  9469 | D:6      | Reached skill level 10 in Necromancy
  9469 | D:6      | Reached XP level 9. HP: 43/49 MP: 12/19
  9893 | D:6      | Slain by a wight

Illustrated notes

Levels and vault maps discovered:
D:1:      dpeg_arrival_orchard, layout_basic
D:2:      layout_loops_corners, basic_altar,
          chequers_ecumenical_altar_simple_redux
D:3:      due_chaos_kobolds, layout_loops_ring, general_overflow_altar,
          serial_shops, nicolae_shop_behind_doors, dreamdust_wishing_well,
          nrook_uturn
D:4:      layout_basic, serial_glass, glass_columns_b, glass_columns_b,
          gammafunk_ghost_split, serial_bayou_ford_a, uniq_sigmund, uniq_ijyb,
          uniq_natasha, uniq_edmund, uniq_eustachio
D:5:      layout_cave_pools, temple_doors_ab, ebering_ghost_sewer_f,
          uniq_grinder
D:6:      layout_cave_pods, grunt_ministairs_13, eino_tiny_chamber,
          solitary_fountain
Temple:   mainiacjoe_temple_hex_bubbles

Skill      XL: |  1  2  3  4  5  6  7  8 |
---------------+-------------------------+-----
Necromancy     | 5 6 7 8 9 10 | 10.0
Armour         | 1 2 3 4 |  4.1
Fighting       | 1 2 |  2.9
Spellcasting   | 4 5 |  5.9
Evocations     | 4 |  4.2
Invocations    | 3 |  3.6
Dodging        | |  2.4
Stealth        | |  2.4

Action                   |  1- 3 |  4- 6 |  7- 9 || total
-------------------------+-------+-------+-------++-------
Melee: Short sword       |     3 |     3 |       ||     6
       Flail             |       |       |    84 ||    84
 Cast: Pain              |    54 |    85 |   140 ||   279
       Vampiric Draining |       |     4 |     4 ||     8
       Agony             |       |       |     3 ||     3
Evoke: Wand              |       |       |     7 ||     7
  Use: Scroll            |     6 |     7 |     6 ||    19
       Potion            |       |     3 |     3 ||     6
 Stab: Paralysed         |       |       |    10 ||    10
Armor: Leather armour    |     4 |     3 |    74 ||    81
Dodge: Dodged            |     9 |    11 |   119 ||   139

Table legend: (Time is in decaauts)
 A = Elapsed time spent in this place.
 B = Non-inter-level travel time spent in this place.
 C = Inter-level travel time spent in this place.
 D = Time resting spent in this place.
 E = Time spent auto-exploring this place.
 F = Levels seen in this place.
 G = Mean time per level.
                   A        B        C        D        E       F      G
               +--------+--------+--------+--------+--------+-----+--------+
         Total |  10140 |   9770 |    370 |   3387 |   5227 |   7 | 1448.6 |
       Dungeon |   9877 |   9536 |    341 |   3387 |   4995 |   6 | 1646.2 |
        Temple |    263 |    234 |     29 |      0 |    232 |   1 |  263.0 |
               +--------+--------+--------+--------+--------+-----+--------+

Top non-repeatable levels by time:
     D:4: 2123 daAuts
     D:1: 1950 daAuts
     D:3: 1788 daAuts
     D:6: 1497 daAuts
     D:5: 1487 daAuts
     D:2: 1028 daAuts
  Temple: 263 daAuts
